 Dungeon Crawl Stone Soup version 0.24-a0-169-g71aafec (webtiles) character file.

Game seed: 2011770554790030720

382 jerryfan the Cudgeler (level 6, -3/36 HPs)
             Began as a Gargoyle Wanderer on Mar 7, 2019.
             Was a Follower of Okawaru.
             Slain by a centaur (4 damage)
             ... on level 5 of the Dungeon.
             The game lasted 00:14:58 (4704 turns).

jerryfan the Cudgeler (Gargoyle Wanderer)           Turns: 4704, Time: 00:14:59

Health: -3/36      AC: 11    Str: 18    XL:     6   Next: 76%
Magic:  9/9        EV: 10    Int: 11    God:    Okawaru [*.....]
Gold:   211        SH:  0    Dex: 10    Spells: 4/10 levels left

rFire    . . .     SeeInvis .   b - +0 mace
rCold    . . .     Gourm    .   (no shield)
rNeg     + . .     Faith    .   c - +0 ring mail
rPois    ∞         Spirit   .   p - +0 helmet
rElec    +         Reflect  .   (no cloak)
rCorr    .         Harm     .   (no gloves)
MR       +....                  (no boots)
Stlth    ..........             (no amulet)
HPRegen  0.12/turn              l - ring of protection from magic
MPRegen  0.11/turn              (no ring)

@: no status effects
A: negative energy resistance 1, electricity resistance, unbreathing,
petrification resistance, rot immunity, AC +4
a: Heroism, Renounce Religion


You were on level 5 of the Dungeon.
You worshipped Okawaru.
Okawaru was aware of your devotion.
You were very full.

You visited 1 branch of the dungeon, and saw 5 of its levels.

You collected 211 gold pieces.

Inventory:

Hand Weapons
 b - a +0 mace (weapon)
Missiles
 h - 123 stones (quivered)
 k - a throwing net
 q - 10 tomahawks
Armour
 c - a +0 ring mail (worn)
 m - a +0 robe
 p - a +0 helmet (worn)
Jewellery
 l - a ring of protection from magic (left hand)
 o - an uncursed ring of ice
Wands
 r - a wand of polymorph (3)
Scrolls
 a - 4 scrolls of teleportation
 e - 6 scrolls of remove curse
 g - 4 scrolls of identify
 i - 3 scrolls of fog
 j - a scroll of noise {unknown}
 n - 2 scrolls of enchant armour {unknown}
Comestibles
 d - 6 rations
 f - 10 chunks of flesh


   Skills:
 + Level 2.4 Fighting
 + Level 3.7 Maces & Flails
 - Level 2.0 Throwing
 + Level 3.4 Armour
 - Level 2.6 Spellcasting
 + Level 3.4 Conjurations
   Level 1.7 Summonings
   Level 1.2 Earth Magic
 + Level 0.9 Invocations


You had 4 spell levels left.
You knew the following spells:

 Your Spells              Type           Power        Failure   Level  Hunger
a - Magic Dart            Conj           #...         12%         1    ##.....
b - Blink                 Tloc           N/A          58%         2    ###....
c - Mephitic Cloud        Conj/Pois/Air  #.......     65%         3    ####...

Your spell library contained the following spells:

 Spells                   Type           Power        Failure   Level  Hunger
 Call Imp                 Summ           #.......     34%         2    ###....
 Conjure Flame            Conj/Fire      #.......     56%         3    ####...
 Slow                     Hex            #.......     58%         2    ###....


Dungeon Overview and Level Annotations

Branches:
Dungeon (5/15)             Temple (0/1) D:4

Altars:
Cheibriados
Dithmenos
Makhleb
Okawaru

Annotations:
D:3 exclusions: 3 downstairs and 8 more exclusions
D:4 exclusion: downstairs, Duvessa


Innate Abilities, Weirdness & Mutations

You are resistant to torment.
Your stone body is resilient. (AC +4)
You are immune to poison.
You resist negative energy. (rN+)
You are resistant to electric shocks. (rElec)
You can survive without breathing.
You are immune to petrification.
You are immune to rotting.


Message History

The centaur is lightly wounded.
The centaur hits you but does no damage.
The centaur hits you.
You barely miss the centaur.
The centaur is lightly wounded.
The centaur closely misses you. The centaur hits you.
You hit the centaur.
The centaur is moderately wounded.
The centaur barely misses you. The centaur closely misses you.
You closely miss the centaur.
The centaur is moderately wounded.
The centaur hits you.
* * * LOW HITPOINT WARNING * * *
The centaur hits you.
* * * LOW HITPOINT WARNING * * *
Your ring mail prevents you from hitting the centaur.
The centaur is moderately wounded.
The centaur hits you but does no damage.
The centaur hits you.
You die...

..#
......#≈≈#≈≈≈
....#
.....#≈≈≈≈≈..
..!..#
......≈#≈≈$≈.
......#
..g#.≈≈≈≈≈≈#%
.......
##w...≈≈≈≈≈≈≈≈%
.......###..#
≈≈≈≈≈≈≈..
....%...#(<.#
:≈≈w≈≈≈%<
...........##
≈≈≈≈≈≈≈..
......c@..##
≈≈≈≈≈≈≈#(
..........#
#≈≈≈≈≈≈..
.........##
..#≈#≈≈..
.........#
..≈≈≈#≈..
.........#
...≈≈≈≈≈w
......#..#
.....≈≈≈≈
.$....#..#
.....##.#.


You could see a centaur, a gnoll and a dart slug.

Vanquished Creatures
  A scorpion (D:4)
  Dowan (D:4)
  A crimson imp (D:4)
  An orc priest (D:4)
  A hound (D:4)
  2 gnolls (D:4)
  5 adders
  A shadow imp (D:5)
  An ooze (D:2)
  An adder zombie (D:5)
  3 worms
  7 dart slugs
  A leopard gecko (D:3)
  10 orcs
  A ball python (D:1)
  3 giant cockroaches
  11 hobgoblins
  8 jackals
  7 kobolds
  2 quokkas
  6 bats
  A frilled lizard (D:1)
  4 goblins
  5 rats
84 creatures vanquished.

Notes
Turn   | Place    | Note
-------+----------+-------------------------------------------
     0 | D:1      | jerryfan the Gargoyle Wanderer began the quest for the Orb.
     0 | D:1      | jerryfan set off with the following items: a +0 mace, a +0
                  | ring mail, a ration; and the following spell memorised:
                  | Magic Dart; and the following spells available to memorise:
                  | Call Imp, Blink, Slow, Conjure Flame, Mephitic Cloud
     0 | D:1      | Reached XP level 1. HP: 10/10 MP: 3/3
    23 | D:1      | Reached XP level 2. HP: 5/15 MP: 3/5
   868 | D:2      | Reached XP level 3. HP: 19/19 MP: 6/6
   877 | D:2      | Learned a level 2 spell: Blink
   885 | D:2      | Reached skill level 1 in Conjurations
  1393 | D:2      | Reached XP level 4. HP: 13/24 MP: 5/7
  2363 | D:3      | Found an iron altar of Okawaru.
  2374 | D:3      | Found a burning altar of Makhleb.
  2381 | D:3      | Became a worshipper of Warmaster Okawaru
  2723 | D:3      | Reached XP level 5. HP: 27/28 MP: 8/8
  2786 | D:3      | Learned a level 3 spell: Mephitic Cloud
  2825 | D:4      | Noticed Dowan
  2825 | D:4      | Noticed Duvessa
  2851 | D:4      | Reached skill level 1 in Fighting
  2856 | D:4      | Killed Dowan
  2861 | D:4      | Reached XP level 6. HP: 5/35 MP: 4/9
  3254 | D:4      | Found a staircase to the Ecumenical Temple.
  3594 | D:4      | Found a snail-covered altar of Cheibriados.
  4034 | D:4      | Noticed Duvessa
  4034 | D:4      | Duvessa changed into Duvessa the acid dragon
  4272 | D:5      | Entered Level 5 of the Dungeon
  4284 | D:5      | Reached * piety under Okawaru
  4334 | D:4      | Found a shadowy altar of Dithmenos.
  4703 | D:5      | HP: 1/36 [centaur (6)]
  4704 | D:5      | Slain by a centaur

Levels and vault maps discovered:
D:1:      scummos_arrival_simple_crosswalls, layout_loops_cross
D:2:      layout_loops_corners, minmay_ruptured
D:3:      layout_rooms, chequers_temple_overflow_statue_of_worship,
          kennysheep_nondescript
D:4:      layout_basic, grunt_dithmenos_smoke, minmay_temple_entry_stoned_glass,
          first_ration, minmay_misc_feat_enclosed, kennysheep_slug_shrine,
          uniq_duvessa
D:5:      kennysheep_slugbush, layout_cave_pods, nicolae_overflow_hidden_temple,
          dk_noncrumbling_2

Skill      XL: |  1  2  3  4  5  6 |
---------------+-------------------+-----
Throwing       | 2 |  2.0
Conjurations   | 1 2 3 |  3.4
Armour         | 2 3 |  3.4
Fighting       | 1 2 |  2.4
Maces & Flails | 3 |  3.7
Spellcasting   | |  2.6
Summonings     | |  1.7
Earth Magic    | |  1.2
Invocations    | |  0.9

Action                   |  1- 3 |  4- 6 || total
-------------------------+-------+-------++-------
Melee: Mace              |   109 |   252 ||   361
Throw: Stone             |     7 |     8 ||    15
 Cast: Magic Dart        |    17 |     7 ||    24
       Blink             |       |     1 ||     1
Evoke: Wand              |       |     6 ||     6
  Use: Scroll            |     1 |     8 ||     9
       Potion            |       |     2 ||     2
  Eat: Chunk             |     2 |     9 ||    11
       Ration            |       |     3 ||     3
Armor: Ring mail         |    86 |   150 ||   236
Dodge: Dodged            |    97 |   211 ||   308

Table legend:
 A = Non-vault XP
 B = Vault XP
 C = Vault XP percentage of total XP
 D = Non-vault monster count
 E = Vault monster count
 F = Vault count percentage of total count
                 A         B        C        D         E       F
            +---------+---------+-------+---------+---------+-------
      Total |     445 |     102 |  18.6 |      72 |      12 |  14.3
            +---------+---------+-------+---------+---------+-------
        D:1 |      29 |       0 |   0.0 |      18 |       0 |   0.0
        D:2 |      63 |       7 |  10.0 |      17 |       4 |  19.0
        D:3 |      78 |       0 |   0.0 |      23 |       0 |   0.0
        D:4 |     259 |      73 |  22.0 |      12 |       2 |  14.3
        D:5 |      16 |      22 |  57.9 |       2 |       6 |  75.0
            +---------+---------+-------+---------+---------+-------
